[Event "Late-Titled-Tuesday-Blitz-March-19-2024"]
[Site "Chess.com"]
[Date "2024.03.19"]
[Round "3"]
[White "Jospem"]
[Black "atbenina64"]
[Result "1-0"]
[WhiteElo "3061"]
[BlackElo "2733"]
[TimeControl "180+1"]
[EndTime "14:28:02 PDT"]
[Termination "Jospem won by resignation"]

1. e4 c5 2. Nf3 d6 3. c3 Nf6 4. h3 g6 5. Bd3 Bg7 6. Bc2 O-O 7.
O-O Nc6 8. d4 cxd4 9. cxd4 e5 10. d5 Nb4 11. Nc3 Nxc2 12. Qxc2 Bd7 13. a4 Nh5 14. Bg5 Qc7 15. Be3 f5 16. Qb3 f4 17.
Bd2 Qd8 18. Nb5 Rf6 19. Rac1 Kh8 20. Rc3 Bxb5 21. Qxb5 Rf7 22. Rfc1 h6 23. Rc4 Nf6 24. Ba5 b6 25. Bd2 Kh7 26. Qb3 Qe8 27. Qd3 g5 28.
Rc6 Rd8 29. a5 Bf8 30. axb6 axb6 31. Rxb6 g4 32. hxg4 Nxg4 33. Nh4 Be7 34. Nf5 Rxf5 35. exf5 Bf6 36. Rc7+ Kh8 37. Qh3 Qg8 38. Rbb7 Qg5 39. f3 Ne3 40. Rh7+ Kg8 41. Rxh6 Nxf5 42. Rh8+ 1-0

[Event "Late-Titled-Tuesday-Blitz-March-19-2024"]
[Site "Chess.com"]
[Date "2024.03.19"]
[Round "3"]
[White "Lukianoo"]
[Black "chucksterf10"]
[Result "1-0"]
[WhiteElo "2842"]
[BlackElo "2565"]
[TimeControl "180+1"]
[EndTime "14:28:02 PDT"]
[Termination "Lukianoo won by resignation"]

1. e4 Nc6 2. d4 d5 3. e5 Bf5 4. c3 e6 5. h4 f6 6. g4 Be4 7.
f3 Bxb1 8. Rxb1 fxe5 9. dxe5 Nxe5 10. f4 Nc6 11. Nf3 Nf6 12. Ng5 Qd7 13. Qe2 O-O-O 14. Bh3 Re8 15. O-O Bc5+ 16. Be3 Bxe3+ 17. Qxe3 h6 18. Nf3 Ne4 19. Rbd1 Rhf8 20. c4 Qd6 21. Nd4 Qc5 22. a3 Qxc4 23. Nxc6 Qxc6 24. Qxa7 b6 25. Rc1 Qb7 26. Qa4 Kb8 27. Bg2 Nc5 28. Qd1 Qa6 29. b4 Nb7 30. a4 Nd6 31. b5 Qa5 32.
Rc6 Nc4 33. Qd4 Qxa4 34. Ra1 Qxb5 35. Rxc4 c5 36. Qe5+ Kb7 37. Rca4 Ra8 38. Rxa8 Rxa8 39. Bxd5+ 1-0

[Event "Late-Titled-Tuesday-Blitz-March-19-2024"]
[Site "Chess.com"]
[Date "2024.03.19"]
[Round "3"]
[White "Revan_2002"]
[Black "tomobeast"]
[Result "0-1"]
[WhiteElo "2568"]
[BlackElo "2237"]
[TimeControl "180+1"]
[EndTime "14:28:03 PDT"]
[Termination "tomobeast won by resignation"]

1. d4 Nf6 2. Nf3 e6 3. c4 d5 4. Nc3 c5 5. cxd5 Nxd5 6. e4 Nxc3 7. bxc3 cxd4 8. cxd4 Bb4+ 9. Bd2 Bxd2+ 10. Qxd2 O-O 11. Bc4 b6 12. O-O Ba6 13. Bxa6 Nxa6 14. Rad1 Qd6 15. Rfe1 Rfd8 16. h4 Rac8 17. h5 h6 18. d5 exd5 19. e5 Qb4 20. Qe2 Nc5 21. Nd4 Ne4 22. e6 Rf8 23. Qg4 Rc4 24. Nf5 Ng5 25. exf7+ Rxf7 26. Re8+ Kh7 27. Qg3 Rxf5 28. Qb8 Nf7 29. Rde1 Re4 30.
R1xe4 dxe4 31. Qg3 Qe1+ 32. Kh2 Rxh5+ 0-1

[Event "Late-Titled-Tuesday-Blitz-March-19-2024"]
[Site "Chess.com"]
[Date "2024.03.19"]
[Round "3"]
[White "TigrVShlyape"]
[Black "ukchessbomber"]
[Result "1-0"]
[WhiteElo "2932"]
[BlackElo "2637"]
[TimeControl "180+1"]
[EndTime "14:28:04 PDT"]
[Termination "TigrVShlyape won by resignation"]

1. e4 b6 2. d4 Bb7 3. Bd3 d6 4. Nf3 Nd7 5. a4 a6 6. O-O g6 7.
Re1 Bg7 8. Nbd2 e5 9. c3 Ne7 10. Nf1 O-O 11. Bg5 h6 12. Bh4 g5 13. Bg3 f5 14. exf5 Nxf5 15. dxe5 Nxg3 16. hxg3 Bxf3 17. gxf3 Nxe5 18. Be4 c6 19. c4 Ra7 20. Qb3 h5 21. Rad1 Raf7 22. Nh2 h4 23. Kg2 h3+ 24. Kg1 Kh8 25. Qc2 Qf6 26. Re3 Re7 27. b3 Rfe8 28.
Qe2 Kg8 29. Qf1 Qh6 30. Bf5 Nf7 31. Rxe7 Rxe7 32. Bxh3 Bc3 33. Bf5 Ne5 34. Qh3 Qxh3 35. Bxh3 Kg7 36. Rxd6 Bb4 37. Rd1 Bc5 38. Bf5 Kf6 39.
Be4 Rh7 40. Bxh7 1-0

[Event "Late-Titled-Tuesday-Blitz-March-19-2024"]
[Site "Chess.com"]
[Date "2024.03.19"]
[Round "3"]
[White "Oligan22"]
[Black "MYMChessAcademy"]
[Result "1-0"]
[WhiteElo "2441"]
[BlackElo "2202"]
[TimeControl "180+1"]
[EndTime "14:28:04 PDT"]
[Termination "Oligan22 won on time"]

1. e4 c5 2. Nf3 d6 3. d4 cxd4 4. Nxd4 Nf6 5. Nc3 a6 6. h3 h5 7. Bg5 e6 8. Qd2 Be7 9. O-O-O Qc7 10. f4 b5 11. Bd3 Bb7 12. Rhe1 Nbd7 13. Kb1 b4 14. Na4 Qa5 15. b3 Nc5 16. Nxc5 dxc5 17.
Nf3 Rd8 18. Qe2 Bc6 19. f5 exf5 20. exf5 Nd5 21. Qxe7+ Nxe7 22. Rxe7+ Kf8 23. Ne5 Bd5 24. Be4 Kg8 25. Bxd5 Rxd5 26. Rxd5 Qb5 27. Nxf7 Qf1+ 28. Kb2 Kh7 29. Nxh8 Kxh8 30. f6 Qxf6+ 31. Bxf6 Kh7 32. Rxg7+ Kh6 33. Ra7 1-0

[Event "Late-Titled-Tuesday-Blitz-March-19-2024"]
[Site "Chess.com"]
[Date "2024.03.19"]
[Round "3"]
[White "JosephRyan"]
[Black "Orest_Vovk"]
[Result "1-0"]
[WhiteElo "2272"]
[BlackElo "2491"]
[TimeControl "180+1"]
[EndTime "14:28:06 PDT"]
[Termination "JosephRyan won by checkmate"]

1. e4 g5 2. d4 g4 3. c3 d5 4. e5 c5 5. f4 gxf3 6. Nxf3 Nc6 7. Bb5 Bg4 8. O-O Qb6 9. Bxc6+ bxc6 10. Nbd2 e6 11.
Nb3 f5 12. exf6 Nxf6 13. Bf4 Ne4 14. Qe1 Rg8 15. Qh4 Bxf3 16. Rxf3 c4 17. Qh5+ Kd7 18.
Nd2 Nxd2 19. Bxd2 Qxb2 20. Qxh7+ Be7 21. Rb1 Rxg2+ 22. Kxg2 Qxd2+ 23. Kh1 Kd6 24. Rb7 Qe1+ 25. Kg2 Qe2+ 26. Kg3 Re8 27. Qh5 Qe1+ 28. Kg2 Rg8+ 29.
Rg3 Qd2+ 30. Kh3 Rf8 31. Qe5# 1-0

[Event "Late-Titled-Tuesday-Blitz-March-19-2024"]
[Site "Chess.com"]
[Date "2024.03.19"]
[Round "3"]
[White "Statham_01"]
[Black "sergiochess83"]
[Result "0-1"]
[WhiteElo "2568"]
[BlackElo "2958"]
[TimeControl "180+1"]
[EndTime "14:28:08 PDT"]
[Termination "sergiochess83 won by checkmate"]

1. e4 e6 2. d4 d5 3. Bd3 dxe4 4.
Bxe4 Nf6 5. Bf3 Bd6 6. Ne2 O-O 7. Be3 Nbd7 8. c4 e5 9. Nbc3 Re8 10. Qc2 exd4 11.
Nxd4 Ne5 12. Qe2 Qe7 13. O-O-O Nxf3 14. gxf3 c5 15. Nc2 Bf5 16. h4 Bg6 17. Nd5 Nxd5 18. Rxd5 Bf4 19. h5 Bxc2 20. Kxc2 Bxe3 21. fxe3 Qxe3 22. Qxe3 Rxe3 23. Rhd1 h6 24. Rf5 Rae8 25. Rd7 Re2+ 26. Kb3 R8e3+ 27. Ka4 Rxb2 28. Rfxf7 Rb4+ 29. Ka5 Ra3# 0-1

[Event "Late-Titled-Tuesday-Blitz-March-19-2024"]
[Site "Chess.com"]
[Date "2024.03.19"]
[Round "3"]
[White "Fonsofan"]
[Black "andrzej"]
[Result "1-0"]
[WhiteElo "2729"]
[BlackElo "2512"]
[TimeControl "180+1"]
[EndTime "14:28:08 PDT"]
[Termination "Fonsofan won by checkmate"]

1. b4 d5 2. Bb2 Qd6 3. a3 Qg6 4. d3 Nf6 5. Nd2 h5 6. Ngf3 Nbd7 7. c4 c6 8. g3 e6 9. Qb3 a5 10. b5 Nc5 11. Qc2 a4 12. bxc6 bxc6 13. Ne5 Qf5 14. Bg2 h4 15. cxd5 hxg3 16. hxg3 Rxh1+ 17. Bxh1 cxd5 18. e4 Qh3 19. O-O-O Ba6 20. d4 Rc8 21. dxc5 Rxc5 22. Bc3 d4 23. Qxa4+ Bb5 24. Qxd4 Nd7 25. Nxd7 Bxd7 26.
Nf3 Rc7 27. Ne5 Bxa3+ 28. Kb1 Rb7+ 29. Ka2 Qh5 30. Bf3 Qg5 31. Kxa3 Kf8 32. Nxd7+ Kg8 33. Ne5 Qe7+ 34. Qd6 Ra7+ 35. Kb2 Qb7+ 36. Bb4 Ra6 37. Qf8+ Kh7 38. Rh1# 1-0

[Event "Late-Titled-Tuesday-Blitz-March-19-2024"]
[Site "Chess.com"]
[Date "2024.03.19"]
[Round "3"]
[White "thesupera12"]
[Black "Mariia89"]
[Result "0-1"]
[WhiteElo "2432"]
[BlackElo "2265"]
[TimeControl "180+1"]
[EndTime "14:28:08 PDT"]
[Termination "Mariia89 won by checkmate"]

1. d4 Nf6 2. Bg5 Ne4 3. h4 h6 4. Bf4 d5 5. e3 c5 6. c4 cxd4 7.
Qxd4 Nc6 8. Qxd5 Qxd5 9. cxd5 Nb4 10. Na3 Nxd5 11. Bb5+ Bd7 12. Bxd7+ Kxd7 13. O-O-O e6 14. Nh3 Bxa3 15. bxa3 Rhc8+ 16. Kb2 Rc6 17. f3 Nc3 18. e4 Nxd1+ 19. Rxd1 Rac8 20. exd5 Rc2+ 21. Kb1 Rxg2 22. dxe6+ Kxe6 23. Be3 Rh2 24. Nf4+ Ke7 25. Bxa7 Rcc2 26. Nd5+ Ke6 27. Nb4 Rb2+ 28. Ka1 Rbe2 29. Bd4 g6 30. Bg7 h5 31. Kb1 Rxh4 32. Nd3 b6 33. Bh6 Kf5 34. Nb4 Ke6 35. Nc2 Rf2 36. Be3 Rxf3 37. Nd4+ Rxd4 38. Bxd4 g5 39. Bxb6 h4 40.
a4 h3 41. Bc7 g4 42. a5 g3 43.
a6 g2 44. Bb6 Rf1 45. Kc1 h2 46. a7 Rxd1+ 47. Kxd1 h1=Q+ 48. Kc2 Qh8 49. Kb3 Qa8 50. Kb4 f5 51. Kb5 Qb7 52. a4 Qa8 53. a5 f4 54.
a6 Kf5 55. Bf2 Kg4 56. Kb6 Kf3 57. Bg1 Ke2 58. Bc5 f3 59. Kb5 f2 60. Bxf2 Kxf2 61.
Kb6 g1=Q 62. Kc7 Qxa7+ 63. Kc8 Qxa6+ 64. Kb8 Qg8+ 65. Kc7 Qgc8# 0-1

[Event "Late-Titled-Tuesday-Blitz-March-19-2024"]
[Site "Chess.com"]
[Date "2024.03.19"]
[Round "3"]
[White "bipe137"]
[Black "Rodalquilar"]
[Result "1-0"]
[WhiteElo "2538"]
[BlackElo "2761"]
[TimeControl "180+1"]
[EndTime "14:28:10 PDT"]
[Termination "bipe137 won on time"]

1. d4 d5 2. c4 e6 3. Nc3 a6 4.
cxd5 exd5 5. Nf3 Nf6 6. Bg5 Be6 7. Bxf6 Qxf6 8. Qb3 Ra7 9. Nxd5 Qd8 10. e4 c6 11. Qb6 cxd5 12. Qxa7 Bb4+ 13. Nd2 Nc6 14. Qxb7 Bxd2+ 15. Kxd2 Nxd4 16. e5 O-O 17. h4 Qa5+ 18.
b4 Qa3 19. Bd3 Qb2+ 20. Ke3 Nf5+ 21. Bxf5 Qxe5+ 22. Kd2 Bxf5 23. Qb6 Qb2+ 24. Ke3 Qc3+ 25. Kf4 Bd7 26. f3 Re8 27. Kg3 Qe5+ 28. Kf2 Qb2+ 29. Kg3 Qe5+ 30. f4 Qc3+ 31. Kh2 Re6 32. Qd8+ Be8 33. Rhf1 Qxb4 34. Rab1 Qd4 35. Rbd1 Qb4 36.
Rb1 Qd4 37. Rbe1 h6 38. Rxe6 1-0

[Event "Late-Titled-Tuesday-Blitz-March-19-2024"]
[Site "Chess.com"]
[Date "2024.03.19"]
[Round "3"]
[White "BilicVladimir"]
[Black "ATM622"]
[Result "1-0"]
[WhiteElo "2694"]
[BlackElo "2504"]
[TimeControl "180+1"]
[EndTime "14:28:11 PDT"]
[Termination "BilicVladimir won by resignation"]

1. e4 c6 2. d4 d5 3. Nd2 dxe4 4. Nxe4 Bf5 5. Nc5 b6 6. Nb3 Nf6 7. g3 Qd5 8. Nf3 Bg4 9. Bg2 Qe4+ 10. Qe2 Qxe2+ 11. Kxe2 Nbd7 12. h3 Be6 13. Nbd2 Rc8 14. c4 c5 15. d5 Bf5 16. Nh4 Bg6 17. Nxg6 hxg6 18. Ne4 Nxe4 19. Bxe4 f5 20. Bc2 Nf6 21. b3 e6 22. dxe6 Rc6 23. Bb2 Rxe6+ 24. Kf3 Bd6 25. Rae1 Kf7 26. Rxe6 Kxe6 27. Re1+ Kd7 28. Rd1 Ke6 29. Kg2 Rd8 30. Re1+ Kf7 31. Re2 Bb8 32. Bc3 Re8 33. Rd2 Ne4 34. Bxe4 fxe4 35. Rd7+ Re7 36.
Rxe7+ Kxe7 37. Bxg7 Ke6 38. Bh6 Bd6 39. Be3 Kf5 40.
g4+ Ke6 41. Kf1 Be5 42. Ke2 Bd4 43. Bxd4 cxd4 44. h4 Kf6 45. b4 Ke6 46. h5 gxh5 47. gxh5 Kf6 48. c5 b5 49. c6 Ke7 50. h6 d3+ 51. Ke3 d2 52. Kxd2 1-0

[Event "Late-Titled-Tuesday-Blitz-March-19-2024"]
[Site "Chess.com"]
[Date "2024.03.19"]
[Round "3"]
[White "Chempiblinka"]
[Black "Josetricks"]
[Result "1-0"]
[WhiteElo "2348"]
[BlackElo "2530"]
[TimeControl "180+1"]
[EndTime "14:28:11 PDT"]
[Termination "Chempiblinka won on time"]

1. Nf3 g6 2. g3 Bg7 3. Bg2 d6 4. c4 Nd7 5. O-O Ngf6 6. Nc3 O-O 7. d3 c5 8. a3 Rb8 9. Rb1 Ne8 10. Bd2 Nc7 11. b4 cxb4 12. axb4 b5 13. cxb5 Nxb5 14. Nxb5 Rxb5 15. Qa4 a6 16. Rfc1 Nb6 17. Qc2 Bb7 18.
Qc7 Nd5 19. Qc4 Nb6 20. Qh4 Rh5 21. Qg4 f5 22. Qf4 e5 23. Qe3 f4 24. gxf4 Rxf4 25. b5 Ra4 26. bxa6 Rxa6 27. Ba5 Bh6 28. Bxb6 Qe8 29.
Qxh6 Rxh6 30. Be3 Bxf3 31. Bxf3 g5 32. Bd5+ Kh8 33. Rc7 Ra5 34. Rbc1 Rxd5 35. Rc8 Qxc8 36. Rxc8+ Kg7 37. f3 Kf7 38. Kf2 Rxh2+ 39. Ke1 h6 40. Rc7+ Ke6 41. Rh7 1-0

[Event "Late-Titled-Tuesday-Blitz-March-19-2024"]
[Site "Chess.com"]
[Date "2024.03.19"]
[Round "3"]
[White "Romkachess"]
[Black "GMBenjaminBok"]
[Result "0-1"]
[WhiteElo "2707"]
[BlackElo "2968"]
[TimeControl "180+1"]
[EndTime "14:28:12 PDT"]
[Termination "GMBenjaminBok won on time"]

1. e4 c5 2. Nf3 d6 3. d4 cxd4 4. Nxd4 Nf6 5. Nc3 a6 6. h3 e5 7. Nde2 h5 8. Bg5 Be6 9. Bxf6 Qxf6 10. Nd5 Qd8 11. Nec3 g6 12. Bc4 Bh6 13. O-O Nc6 14. Bb3 O-O 15. Qd3 Rc8 16. Rad1 Nd4 17. Ne2 Nxb3 18.
Qxb3 b5 19. a4 Rc5 20. Nec3 Qb8 21. axb5 axb5 22. Qb4 Kg7 23. f4 Bxd5 24. Nxd5 Rxc2 25. f5 Qa7+ 26. Kh1 Qa4 27. Qxd6 Qxe4 28. Qf6+ Kh7 29.
fxg6+ fxg6 30. Qe7+ Bg7 31. Rg1 Rf3 32. Kh2 Qf5 33. Kh1 Qxh3+ 0-1

[Event "Late-Titled-Tuesday-Blitz-March-19-2024"]
[Site "Chess.com"]
[Date "2024.03.19"]
[Round "3"]
[White "LiemLe"]
[Black "DrCeltic"]
[Result "1/2-1/2"]
[WhiteElo "3029"]
[BlackElo "2578"]
[TimeControl "180+1"]
[EndTime "14:28:12 PDT"]
[Termination "Game drawn by repetition"]

1. Nf3 d5 2. g3 Nf6 3. Bg2 Bf5 4. O-O e6 5. c4 c6 6. Qb3 Qb6 7. d3 Nbd7 8. Be3 Bc5 9. d4 Be7 10. Nc3 O-O 11. Rfc1 h6 12. h3 Ne4 13. Ne5 Nxe5 14.
dxe5 Bc5 15. Qxb6 Bxb6 16. Bxb6 Nxc3 17. Rxc3 axb6 18. cxd5 exd5 19. f4 f6 20. g4 Be4 21.
Bxe4 dxe4 22. exf6 Rxf6 23. f5 Rd8 24. Rb3 b5 25. a4 Rd2 26. Kf2 g6 27. Ke3 Rc2 28. fxg6 Kg7 29. axb5 c5 30. b6 c4 31. Rb4 c3 32.
bxc3 Rxc3+ 33. Kxe4 Re6+ 34. Kd4 Rxh3 35. Ra7 Re7 36. Rc4 Rhe3 37. Rc7 Re4+ 38. Kd5 Re5+ 39. Kc4 Re4+ 40. Kb5 Re5+ 41. Kb4 Re4+ 42. Kc5 Re5+ 43. Kd6 Re6+ 44. Kd5 Re5+ 45. Kc4 Re4+ 46. Kd3 Re3+ 47. Kd4 Re4+ 48. Kc3 Re3+ 49. Kb4 Re4+ 50. Ka3 Re3+ 51. Ka4 Re4+ 52. Ka5 Re5+ 53. Kb4 Re4+ 1/2-1/2

[Event "Late-Titled-Tuesday-Blitz-March-19-2024"]
[Site "Chess.com"]
[Date "2024.03.19"]
[Round "3"]
[White "Likvidator228"]
[Black "Eloist"]
[Result "1-0"]
[WhiteElo "2572"]
[BlackElo "2482"]
[TimeControl "180+1"]
[EndTime "14:28:13 PDT"]
[Termination "Likvidator228 won on time"]

1. d4 e6 2. c4 Nf6 3. Nc3 Bb4 4. e3 O-O 5. Ne2 c6 6. a3 Ba5 7. b4 Bc7 8. Bb2 d5 9. Ng3 e5 10. dxe5 Bxe5 11. cxd5 Nxd5 12. Rc1 Nxc3 13. Qxd8 Rxd8 14.
Bxc3 Bxc3+ 15. Rxc3 Nd7 16. Be2 Nf6 17. O-O Be6 18.
Bc4 Bxc4 19. Rxc4 Rd3 20. a4 a5 21. Rb1 Rad8 22. Kf1 Rd1+ 23. Rxd1 Rxd1+ 24. Ke2 Rb1 25. bxa5 Rb2+ 26. Kf3 Nd7 27. Rd4 Ne5+ 28. Ke4 f6 29. f4 Ng4 30. h3 Nf2+ 31. Kf3 Kf7 32. Rd7+ Kg6 33. f5+ Kh6 34. Ne2 Nh1 35. g4 g6 36. Rf7 Rb1 37. Rxf6 Kg5 38. Rf7 Rf1+ 39. Ke4 Nf2+ 40. Kd4 Nxh3 41. Rxh7 gxf5 42. Rxh3 fxg4 43.
Rh7 1-0

[Event "Late-Titled-Tuesday-Blitz-March-19-2024"]
[Site "Chess.com"]
[Date "2024.03.19"]
[Round "3"]
[White "ozates"]
[Black "stepanosinovsky"]
[Result "1-0"]
[WhiteElo "2565"]
[BlackElo "2319"]
[TimeControl "180+1"]
[EndTime "14:28:13 PDT"]
[Termination "ozates won by checkmate"]

1. e4 e5 2. Nf3 Nc6 3. Bc4 Nf6 4.
d3 Be7 5. O-O d5 6. exd5 Nxd5 7.
Re1 Bg4 8. h3 Bh5 9. Nbd2 O-O 10. g4 Bg6 11. Ne4 Kh8 12. a4 f5 13. Neg5 fxg4 14.
hxg4 Qd7 15. Nxe5 Nxe5 16. Rxe5 Nf4 17. Bxf4 Rxf4 18. Ne6 Rf6 19. Qe2 Bd6 20. Re3 Re8 21. Re1 Re7 22. g5 Rff7 23. f4 Bf5 24. Nd4 Rxe3 25.
Qxe3 Bc5 26. c3 Re7 27. Qf2 Rxe1+ 28. Qxe1 Bxd4+ 29. cxd4 Qxd4+ 30. Qf2 Qd6 31. Qxa7 Bc8 32. Qb8 Qd4+ 33. Kg2 Qxb2+ 34. Kg3 h5 35. Qxc8+ Kh7 36. Qg8+ Kg6 37. Qf7+ Kh7 38. Qxh5# 1-0

[Event "Late-Titled-Tuesday-Blitz-March-19-2024"]
[Site "Chess.com"]
[Date "2024.03.19"]
[Round "3"]
[White "Jahonas"]
[Black "Missigirl"]
[Result "0-1"]
[WhiteElo "2345"]
[BlackElo "1868"]
[TimeControl "180+1"]
[EndTime "14:28:13 PDT"]
[Termination "Missigirl won by resignation"]

1. d4 Nf6 2. c4 g6 3. Nf3 Bg7 4. g3 O-O 5. Bg2 c6 6. O-O d5 7. b3 b6 8. Bb2 Bb7 9. Nbd2 Nbd7 10. cxd5 cxd5 11. Rc1 Rc8 12. Rxc8 Qxc8 13. Qb1 Qa8 14. Rc1 Rc8 15. e3 e6 16. h3 Rxc1+ 17. Bxc1 Qc8 18. Bb2 h5 19. Bf1 Bf8 20. Bd3 Kg7 21. Ng5 Bd6 22. Ndf3 Nf8 23. h4 Ng4 24. Ne5 Bxe5 25. dxe5 Qc7 26.
Bd4 Nxe5 27. f4 f6 28. Bxe5 fxe5 29. Bxg6 Qc5 30. Kf2 exf4 31. gxf4 d4 32. Be4 dxe3+ 33.
Kf3 Bxe4+ 34. Nxe4 Qf5 35. Qg1+ Ng6 36. Qg5 Qxg5 37.
hxg5 e2 38. Kxe2 Nxf4+ 39. Kf3 e5 40. Nf6 Kg6 41. Nd7 Nd3 42. Ke3 Nc1 43. Nxe5+ Kxg5 44. Nf3+ Kg4 45. Ne5+ Kg3 46. Kd2 Nxa2 0-1

[Event "Late-Titled-Tuesday-Blitz-March-19-2024"]
[Site "Chess.com"]
[Date "2024.03.19"]
[Round "3"]
[White "EternalNight8"]
[Black "AsterPhoenix"]
[Result "0-1"]
[WhiteElo "2477"]
[BlackElo "2657"]
[TimeControl "180+1"]
[EndTime "14:28:15 PDT"]
[Termination "AsterPhoenix won by resignation"]

1. d4 Nf6 2. Bg5 Ne4 3. Bf4 c5 4. f3 Nf6 5. dxc5 b6 6. e4 bxc5 7. Nc3 Nc6 8. Bc4 g6 9. Qd2 Bg7 10. h4 Qb6 11. Nge2 d6 12. Rb1 h5 13. O-O O-O 14. Kh1 Bb7 15. a4 Na5 16. Ba2 Rac8 17. Bh6 Nc6 18. Qg5 e6 19. Bxg7 Kxg7 20. Nf4 Nd4 21.
e5 Nh7 22. Nxh5+ Kh8 23. Qg4 gxh5 24. Qxh5 d5 25. Nd1 Nxc2 26. Nf2 Rg8 27. Ng4 Rg7 28. Rbc1 Nd4 29. Bb1 Ne2 30. Kh2 Qb4 31. g3 Nxc1 32. Nf6 Qxb2+ 33. Kh1 Qxb1 0-1

[Event "Late-Titled-Tuesday-Blitz-March-19-2024"]
[Site "Chess.com"]
[Date "2024.03.19"]
[Round "3"]
[White "Cluke86"]
[Black "colegiodemadrid"]
[Result "0-1"]
[WhiteElo "2311"]
[BlackElo "2551"]
[TimeControl "180+1"]
[EndTime "14:28:15 PDT"]
[Termination "colegiodemadrid won by resignation"]

1. e4 c5 2. Nc3 e6 3. Nge2 Nc6 4. g3 h5 5. h4 Nf6 6. Bg2 a6 7. d4 cxd4 8. Nxd4 Bc5 9. Nb3 Ba7 10. Qe2 b5 11.
Be3 Bxe3 12. Qxe3 Ng4 13. Qe2 Qb6 14. Bf3 Nce5 15. Bg2 Bb7 16. f4 Nc4 17. O-O-O Nf2 18. f5 Nxd1 19. Nxd1 Rc8 20. Kb1 a5 21. Nc1 Qd4 22.
Nd3 a4 23. c3 Qb6 24. Nb4 Qd6 25. e5 Qb6 26. Bxb7 Qxb7 27. Rf1 Qe4+ 28. Qxe4 Nd2+ 29.
Kc2 Nxe4 30. Ne3 Nxg3 31. Rg1 Nxf5 32. Nxf5 exf5 33. Rxg7 Rc4 34. Nd5 Rxh4 35. Rg5 f4 36. Rf5 Rh2+ 37. Kc1 h4 38. Rxf4 h3 39. Nc7+ Kd8 40.
Nxb5 Rg2 41. Nd6 h2 42. Nxf7+ Ke7 0-1

[Event "Late-Titled-Tuesday-Blitz-March-19-2024"]
[Site "Chess.com"]
[Date "2024.03.19"]
[Round "3"]
[White "drdaro"]
[Black "AungTZ"]
[Result "1-0"]
[WhiteElo "2370"]
[BlackElo "2038"]
[TimeControl "180+1"]
[EndTime "14:28:15 PDT"]
[Termination "drdaro won on time"]

1. Nf3 d5 2. g3 Nf6 3. Bg2 e6 4. O-O c5 5. d3 Be7 6. Nbd2 O-O 7. c4 b6 8. cxd5 Nxd5 9. Qc2 Bb7 10. a3 Nc6 11.
Nc4 Bf6 12. h4 h6 13. Rd1 Rc8 14. Rb1 b5 15. Ne3 Nd4 16. Qd2 Nb3 17. Qe1 Nxc1 18. Rdxc1 Nxe3 19. fxe3 Qb6 20. Kh2 Rfd8 21. e4 c4 22. e5 Be7 23. d4 Bxf3 24. exf3 Qxd4 25. f4 Qd2 26. Qe4 Bc5 27. Rc2 Qd7 28. Re1 a5 29. g4 Qe7 30. g5 hxg5 31. hxg5 g6 32. Rc3 Kg7 33. Kg3 Rh8 34. Rd1 Rcd8 35. Rcc1 Rxd1 36. Rxd1 Rd8 37. Rh1 Rd3+ 38. Bf3 Ba7 39. Qe2 Qb7 40. Qxd3 1-0

[Event "Late-Titled-Tuesday-Blitz-March-19-2024"]
[Site "Chess.com"]
[Date "2024.03.19"]
[Round "3"]
[White "ValeriyGrinev"]
[Black "MikaelyanArman"]
[Result "1/2-1/2"]
[WhiteElo "2618"]
[BlackElo "2841"]
[TimeControl "180+1"]
[EndTime "14:28:16 PDT"]
[Termination "Game drawn by repetition"]

1. d4 Nf6 2. c4 d6 3. Nc3 e5 4. Nf3 Nc6 5. dxe5 Nxe5 6. e4 Bg4 7. Be2 Bxf3 8. Bxf3 g6 9. Be2 Bg7 10. O-O O-O 11.
Be3 Re8 12. Qd2 Neg4 13. Bxg4 Nxg4 14. Bd4 Qh4 15. h3 Ne5 16. b3 c5 17. Be3 Nc6 18.
Rad1 Nd4 19. Bg5 Qh5 20. Rfe1 h6 21. Bf4 Rad8 22. Nb5 Nxb5 23. cxb5 d5 24. exd5 Rxe1+ 25. Qxe1 Rxd5 26. Rxd5 Qxd5 27. Qd2 Qe4 28. Bxh6 Bxh6 29. Qxh6 Qe1+ 30. Kh2 Qxf2 31. a4 Qd4 32. Qg5 Kg7 33. Qe7 Qf4+ 34. Kh1 Qc1+ 35. Kh2 Qf4+ 36. Kh1 Qb4 37.
Qe5+ Kh7 38. Qd5 Kg7 39. Qe5+ Kg8 40. Qe8+ Kg7 41. Qe5+ 1/2-1/2

[Event "Late-Titled-Tuesday-Blitz-March-19-2024"]
[Site "Chess.com"]
[Date "2024.03.19"]
[Round "3"]
[White "norwaytoadog"]
[Black "arenal72"]
[Result "1-0"]
[WhiteElo "2359"]
[BlackElo "2598"]
[TimeControl "180+1"]
[EndTime "14:28:16 PDT"]
[Termination "norwaytoadog won by checkmate"]

1. e4 Nc6 2. Nc3 e5 3. Nf3 Nf6 4. Bb5 Nd4 5. O-O Nxb5 6. Nxb5 c6 7. Nc3 d6 8. d4 Qc7 9. a4 Be7 10. a5 O-O 11. Bg5 h6 12. Bxf6 Bxf6 13. d5 Bg4 14.
Qd3 c5 15. Nd2 a6 16. Nc4 Bg5 17. f3 Bh5 18. g3 Bg6 19. f4 exf4 20. gxf4 Bf6 21.
Rae1 Rae8 22. Qf3 Bd4+ 23. Kh1 f5 24. e5 dxe5 25. fxe5 f4 26. e6 Qd8 27. d6 Bf6 28. d7 Re7 29. Nd5 Bf5 30. Nxe7+ Qxe7 31. Qd5 Bd4 32.
Rxf4 g6 33. Ref1 Kg7 34. c3 Be3 35. Nxe3 Bxe6 36. Qe5+ Kh7 37. Rxf8 Bd5+ 38. Qxd5 Qxe3 39. Qf7# 1-0

[Event "Late-Titled-Tuesday-Blitz-March-19-2024"]
[Site "Chess.com"]
[Date "2024.03.19"]
[Round "3"]
[White "SnekkerAndersen"]
[Black "Cambek64"]
[Result "1/2-1/2"]
[WhiteElo "2711"]
[BlackElo "2502"]
[TimeControl "180+1"]
[EndTime "14:28:16 PDT"]
[Termination "Game drawn by repetition"]

1. d4 Nf6 2. c4 c5 3. d5 e5 4. Nc3 d6 5. e4 Be7 6. h3 O-O 7. g4 Na6 8. Be3 Nc7 9. g5 Nfe8 10.
h4 a6 11. Nf3 Rb8 12. a4 Bd7 13. h5 b5 14. axb5 axb5 15. g6 fxg6 16. hxg6 hxg6 17.
Rg1 Rf6 18. Nh4 Rf7 19. Nxg6 Nf6 20. Rh1 Rf8 21. Nxf8 Bxf8 22. cxb5 Nxb5 23. Nxb5 Bxb5 24. Bxb5 Rxb5 25. Qc2 Qb8 26. Rb1 Rb4 27. f3 Rb3 28.
Kf2 Be7 29. Bd2 Kf7 30. Bc3 Qb5 31. Qe2 Qb6 32. Rbg1 Bf8 33. Rg5 g6 34. Rhg1 Nh5 35.
Rxh5 gxh5 36. f4 c4+ 37. Kg2 exf4 38. Rf1 Ke8 39. Rxf4 Be7 40. Qxh5+ Kd8 41. Qh8+ Kd7 42. Qh3+ Kd8 43. Rf2 Qa6 44. Kh2 Rb7 45. Qe6 Qb6 46. Rg2 Rd7 47. Rg8+ Kc7 48. Ra8 Qf2+ 49. Kh3 Qf3+ 50.
Kh2 Qf2+ 51. Kh1 Qf1+ 52. Kh2 Qf2+ 1/2-1/2

[Event "Late-Titled-Tuesday-Blitz-March-19-2024"]
[Site "Chess.com"]
[Date "2024.03.19"]
[Round "3"]
[White "JoakimVonAnd"]
[Black "Durarbayli"]
[Result "0-1"]
[WhiteElo "2707"]
[BlackElo "2972"]
[TimeControl "180+1"]
[EndTime "14:28:17 PDT"]
[Termination "Durarbayli won on time"]

1. d4 Nf6 2. c4 e6 3. Nc3 Bb4 4. e3 O-O 5. Bd3 c5 6. Ne2 d5 7.
a3 Bxc3+ 8. bxc3 dxc4 9. Bxc4 Qc7 10. Bd3 Nc6 11. f4 b6 12. O-O Bb7 13. Ng3 Rfc8 14. Qe2 Nd5 15. Bb2 cxd4 16. cxd4 f5 17. Rac1 Rf8 18.
Qf3 Rae8 19. e4 fxe4 20. Qxe4 Nf6 21. Qe2 Qd7 22. Rcd1 Ne7 23. d5 Nexd5 24. Ne4 Qe7 25. Ng5 h6 26. Ne4 Rd8 27. Rde1 Nxe4 28. Bxe4 Nxf4 29.
Qg4 Bxe4 30. Rxe4 Qc5+ 31. Kh1 Qg5 32. Qxg5 hxg5 33. Rfe1 Nd3 0-1

[Event "Late-Titled-Tuesday-Blitz-March-19-2024"]
[Site "Chess.com"]
[Date "2024.03.19"]
[Round "3"]
[White "GMAneta"]
[Black "ilya2700"]
[Result "1-0"]
[WhiteElo "2608"]
[BlackElo "2323"]
[TimeControl "180+1"]
[EndTime "14:28:17 PDT"]
[Termination "GMAneta won on time"]

1. d4 Nf6 2. Nf3 g6 3. c4 Bg7 4. g3 O-O 5. Bg2 d6 6. O-O c5 7.
Nc3 Nc6 8. dxc5 dxc5 9. Be3 Be6 10. Bxc5 Bxc4 11. Qa4 Ba6 12. Rfd1 Qc7 13. Rac1 Rfd8 14.
Nb5 Bxb5 15. Qxb5 Rxd1+ 16. Rxd1 Ne4 17. Ba3 a6 18. Qc4 Nd6 19. Qd5 Rd8 20. Ng5 h6 21. Bxd6 exd6 22. Ne4 Bxb2 23. Rb1 Bg7 24. h4 a5 25. h5 g5 26. a3 Qd7 27. Rb6 Qc7 28.
Rb5 b6 29. Rb1 Ne7 30. Qb3 d5 31. Nd2 Rb8 32. Nf1 b5 33. Bxd5 Nxd5 34. Qxd5 b4 35. axb4 axb4 36. Ne3 Qe5 37. Qc4 Qc3 38. Qe4 b3 39. Nf5 b2 40. Kg2 Rc8 41. Ne7+ Kf8 42. Nxc8 Qxc8 43. g4 Kg8 44. f3 Qd8 45. Qd3 Qc8 46.
Qd2 Qc5 47. Qd8+ Kh7 48. Qd2 Bd4 49. Rxb2 Bxb2 50. Qxb2 Qe3 51. Kf1 Kg8 52. Qf6 1-0